APL (24 & UNDER)
NANTUCKET ORCAS @ SAVANNAH HOGS
07/14/2027
 
TOP OF THE 1ST
Nantucket Orcas batting - Pitching for Savannah Hogs : RHP Nelson Cruz
Pitching: RHP Nelson Cruz
Batting: RHB Jorge Hernández 0-0: Hit by Pitch
Batting: RHB Ramón Díaz 0-0: Ball
1-0: Foul Ball, location: 2F
1-1: Ball
2-1: Called Strike
2-2: Foul Ball, location: 2F
2-2: Foul Ball, location: 2F
2-2: Grounds into double play, 1-6-3 (Groundball, 13)
Batting: SHB Cory Campbell 0-0: Ball
1-0: Ground out 3-1 (Groundball, 34)
Top of the 1st over - 0 run(s), 0 hit(s), 0 error(s), 0 left on base; Nantucket 0 - Savannah 0
BOTTOM OF THE 1ST
Savannah Hogs batting - Pitching for Nantucket Orcas : RHP Kade Coleman
Pitching: RHP Kade Coleman
Batting: RHB Anastasio Movonda 0-0: Ball
1-0: Ball
2-0: Ball
3-0: Called Strike
3-1: Swinging Strike
3-2: Foul Ball, location: 2F
3-2: Ground out 5-3 (Groundball, 5S)
Batting: LHB Jim Clemente 0-0: Foul Ball, location: 2F
0-1: Ball
1-1: Swinging Strike
1-2: Ball
2-2: Strikes out looking
Batting: RHB Henry Dawson 0-0: Ball
1-0: SINGLE (Groundball, 6D)
Batting: RHB Sergio Moreno 0-0: Ball
Henry Dawson is caught stealing 2nd base
Bottom of the 1st over - 0 run(s), 1 hit(s), 0 error(s), 0 left on base; Nantucket 0 - Savannah 0
TOP OF THE 2ND
Nantucket Orcas batting - Pitching for Savannah Hogs : RHP Nelson Cruz
Batting: SHB Héctor Padilla 0-0: Ball
1-0: Ball
2-0: Swinging Strike
2-1: Ball
3-1: Foul Ball, location: 2F
3-2: Strikes out swinging, 2-3 out at first.
Batting: LHB Noah Gillespie 0-0: Ball
1-0: DOUBLE (Flyball, 89XD)
Batting: RHB César Osequedo 0-0: Ball
1-0: Foul Ball, location: 2F
1-1: SINGLE (Groundball, 6MD)
Noah Gillespie to third
Runner from 3rd tries for Home, SAFE, no throw
Batting: RHB Anastasio Zartuche 0-0: Ball
César Osequedo steals 2nd base
1-0: Swinging Strike
1-1: Fly out, F5 (Line Drive, 5)
Batting: RHB Domingo Hernández 0-0: Ground out 1-3 (Groundball, 13S)
Top of the 2nd over - 1 run(s), 2 hit(s), 0 error(s), 1 left on base; Nantucket 1 - Savannah 0
BOTTOM OF THE 2ND
Savannah Hogs batting - Pitching for Nantucket Orcas : RHP Kade Coleman
Batting: RHB Sergio Moreno 0-0: Swinging Strike
0-1: Called Strike
0-2: Ball
1-2: Strikes out swinging
Batting: RHB Remi Eruzione 0-0: Ball
1-0: Called Strike
1-1: Fly out, F8 (Flyball, 8RS)
Batting: LHB Pedro Medine 0-0: Ground out 4-3 (Groundball, 4S)
Bottom of the 2nd over - 0 run(s), 0 hit(s), 0 error(s), 0 left on base; Nantucket 1 - Savannah 0
TOP OF THE 3RD
Nantucket Orcas batting - Pitching for Savannah Hogs : RHP Nelson Cruz
Batting: LHB Carter Sweet 0-0: Ball
1-0: Swinging Strike
1-1: Swinging Strike
1-2: Strikes out looking
Batting: RHB Jorge Hernández 0-0: Ball
1-0: SINGLE (Line Drive, 78M)
Batting: RHB Ramón Díaz 0-0: Foul Ball, location: 2F
0-1: Foul Ball, location: 2F
0-2: Ball
1-2: Strikes out swinging
Batting: SHB Cory Campbell 0-0: Called Strike
0-1: Ball
1-1: SINGLE (Line Drive, 56D)
Jorge Hernández to second
Runner from 2nd tries for 3rd, SAFE, no throw
Batting: SHB Héctor Padilla 0-0: Ball
1-0: Foul Ball, location: 2F
1-1: Fielders Choice at 2nd, 4-6 (Groundball, 34)
Top of the 3rd over - 0 run(s), 2 hit(s), 0 error(s), 1 left on base; Nantucket 1 - Savannah 0
BOTTOM OF THE 3RD
Savannah Hogs batting - Pitching for Nantucket Orcas : RHP Kade Coleman
Batting: LHB Ivan Costello 0-0: Ball
1-0: Ball
2-0: Ball
3-0: Called Strike
3-1: Fly out, F8 (Flyball, 8RS)
Batting: LHB Marv Alexander 0-0: Ball
1-0: Ball
2-0: Called Strike
2-1: Ball
3-1: Swinging Strike
3-2: Foul Ball, location: 2F
3-2: Strikes out looking
Batting: RHB Ernesto Gómez 0-0: Called Strike
0-1: Foul Ball, location: 2F
0-2: Ball
1-2: Ball
2-2: Strikes out swinging
Bottom of the 3rd over - 0 run(s), 0 hit(s), 0 error(s), 0 left on base; Nantucket 1 - Savannah 0
TOP OF THE 4TH
Nantucket Orcas batting - Pitching for Savannah Hogs : RHP Nelson Cruz
Batting: LHB Noah Gillespie 0-0: Ball
1-0: Foul Ball, location: 2F
1-1: Ball
2-1: Ball
3-1: Base on Balls
Batting: RHB César Osequedo 0-0: Foul Ball, location: 2F
0-1: Ball
Noah Gillespie steals 2nd base
1-1: Ball
2-1: SINGLE (Groundball, 56) (infield hit)
Noah Gillespie to third
Batting: RHB Anastasio Zartuche 0-0: Ball
1-0: Ball
2-0: Grounds into double play, 6-4-3 (Groundball, 6M)
Noah Gillespie scores
Batting: RHB Domingo Hernández 0-0: Called Strike
0-1: Fly out, F8 (Flyball, 78S)
Top of the 4th over - 1 run(s), 1 hit(s), 0 error(s), 0 left on base; Nantucket 2 - Savannah 0
BOTTOM OF THE 4TH
Savannah Hogs batting - Pitching for Nantucket Orcas : RHP Kade Coleman
Batting: RHB Anastasio Movonda 0-0: Ground out 4-3 (Groundball, 34)
Batting: LHB Jim Clemente 0-0: Fly out, F8 (Flyball, 8LS)
Batting: RHB Henry Dawson 0-0: Ball
1-0: Called Strike
1-1: Swinging Strike
1-2: Foul Ball, location: 2F
1-2: Strikes out swinging
Bottom of the 4th over - 0 run(s), 0 hit(s), 0 error(s), 0 left on base; Nantucket 2 - Savannah 0
TOP OF THE 5TH
Nantucket Orcas batting - Pitching for Savannah Hogs : RHP Nelson Cruz
Batting: LHB Carter Sweet 0-0: Called Strike
0-1: Ball
1-1: Fly out, F7 (Flyball, 7LS)
Batting: RHB Jorge Hernández 0-0: Called Strike
0-1: Foul Ball, location: 2F
0-2: Ball
1-2: Strikes out swinging
Batting: RHB Ramón Díaz 0-0: Ball
1-0: Called Strike
1-1: Foul Ball, location: 2F
1-2: SINGLE (Groundball, 6D)
Batting: SHB Cory Campbell 0-0: Ball
1-0: Foul Ball, location: 2F
1-1: Swinging Strike
1-2: Ball
2-2: DOUBLE (Line Drive, 7LS)
Ramón Díaz to third
Batting: SHB Héctor Padilla 0-0: SINGLE (Line Drive, 7S)
Ramón Díaz scores
Cory Campbell to third
Runner from 3rd tries for Home, SAFE, no throw
Batting: LHB Noah Gillespie 0-0: Called Strike
Héctor Padilla is caught stealing 2nd base
Top of the 5th over - 2 run(s), 3 hit(s), 0 error(s), 0 left on base; Nantucket 4 - Savannah 0
BOTTOM OF THE 5TH
Savannah Hogs batting - Pitching for Nantucket Orcas : RHP Kade Coleman
Batting: RHB Sergio Moreno 0-0: Ball
1-0: Fly out, F8 (Flyball, 8RS)
Batting: RHB Remi Eruzione 0-0: Called Strike
0-1: Called Strike
0-2: Ball
1-2: Fly out, F4 (Popup, 4MD)
Batting: LHB Pedro Medine 0-0: Foul Ball, location: 2F
0-1: Ball
1-1: Called Strike
1-2: Ball
2-2: Ball
3-2: Base on Balls
Batting: LHB Ivan Costello 0-0: Ball
1-0: Swinging Strike
1-1: Swinging Strike
1-2: Strikes out looking
Bottom of the 5th over - 0 run(s), 0 hit(s), 0 error(s), 1 left on base; Nantucket 4 - Savannah 0
TOP OF THE 6TH
Nantucket Orcas batting - Pitching for Savannah Hogs : RHP Nelson Cruz
Batting: LHB Noah Gillespie 0-0: Ball
1-0: Ball
2-0: Ground out U3 (Groundball, 3)
Batting: RHB César Osequedo 0-0: Ground out 6-3 (Groundball, 6)
Batting: RHB Anastasio Zartuche 0-0: Foul Ball, location: 2F
0-1: Swinging Strike
0-2: Ball
1-2: Ground out 4-3 (Groundball, 4M)
Top of the 6th over - 0 run(s), 0 hit(s), 0 error(s), 0 left on base; Nantucket 4 - Savannah 0
BOTTOM OF THE 6TH
Savannah Hogs batting - Pitching for Nantucket Orcas : RHP Kade Coleman
Batting: LHB Marv Alexander 0-0: Foul Ball, location: 2F
0-1: Swinging Strike
0-2: Ground out 4-3 (Groundball, 4)
Batting: RHB Ernesto Gómez 0-0: Foul Ball, location: 2F
0-1: Called Strike
0-2: SINGLE (Groundball, 4MD)
Pitching: RHP Bob Schneider
Batting: RHB Anastasio Movonda 0-0: Called Strike
0-1: Ground out 5-3 (Groundball, 5S)
Ernesto Gómez to second
Batting: LHB Jim Clemente 0-0: Called Strike
0-1: Fly out, F9 (Line Drive, 9)
Bottom of the 6th over - 0 run(s), 1 hit(s), 0 error(s), 1 left on base; Nantucket 4 - Savannah 0
TOP OF THE 7TH
Nantucket Orcas batting - Pitching for Savannah Hogs : RHP Nelson Cruz
Batting: RHB Domingo Hernández 0-0: Ball
1-0: Ground out 6-3 (Groundball, 6D)
Batting: LHB Carter Sweet 0-0: Ball
1-0: Ball
2-0: Ball
3-0: Base on Balls
Pitching: RHP Jorge Durán
Batting: RHB Jorge Hernández 0-0: Ball
1-0: Ball
2-0: Called Strike
2-1: Reached on error, E6 (Groundball, 6)
Carter Sweet to second
Batting: RHB Ramón Díaz 0-0: SINGLE (Line Drive, 89M)
Carter Sweet to third
Jorge Hernández to second
Batting: SHB Cory Campbell 0-0: Ball
1-0: Swinging Strike
1-1: Foul Ball, location: 2F
1-2: Ball
2-2: Fielders Choice at 2nd, 4-6 (Groundball, 34)
Carter Sweet scores
Jorge Hernández to third
Batting: SHB Héctor Padilla 0-0: Foul Ball, location: 2F
0-1: Ball
1-1: Fly out, F7 (Flyball, 7)
Top of the 7th over - 1 run(s), 1 hit(s), 1 error(s), 2 left on base; Nantucket 5 - Savannah 0
BOTTOM OF THE 7TH
Savannah Hogs batting - Pitching for Nantucket Orcas : RHP Bob Schneider
Batting: RHB Henry Dawson 0-0: Foul Ball, location: 2F
0-1: Ball
1-1: Fly out, F7 (Flyball, 7S)
Batting: RHB Sergio Moreno 0-0: Foul Ball, location: 2F
0-1: DOUBLE (Line Drive, 8RD)
Batting: RHB Remi Eruzione 0-0: Ball
1-0: Ground out U3 (Groundball, 3S)
Sergio Moreno to third
Batting: LHB Pedro Medine 0-0: Called Strike
0-1: Fly out, F8 (Flyball, 8RS)
Bottom of the 7th over - 0 run(s), 1 hit(s), 0 error(s), 1 left on base; Nantucket 5 - Savannah 0
TOP OF THE 8TH
Nantucket Orcas batting - Pitching for Savannah Hogs : RHP Jorge Durán
Batting: LHB Noah Gillespie 0-0: Ball
1-0: Called Strike
1-1: Ball
2-1: Called Strike
2-2: Ball
3-2: Foul Ball, location: 2F
3-2: Foul Ball, location: 2F
3-2: DOUBLE (Line Drive, 89XD)
Batting: RHB César Osequedo 0-0: Ball
1-0: Called Strike
1-1: Ball
2-1: SINGLE (Line Drive, 56D)
Noah Gillespie to third
Batting: RHB Anastasio Zartuche Pickoff Throw to First - Error! E1
Noah Gillespie scores
César Osequedo to second
0-0: Called Strike
0-1: Ground out 6-3 (Groundball, 6)
César Osequedo to third
Batting: RHB Domingo Hernández 0-0: Ball
1-0: Foul Ball, location: 2F
1-1: Called Strike
1-2: SINGLE (Groundball, 56D)
César Osequedo scores
Batting: LHB Carter Sweet 0-0: 2-RUN HOME RUN (Flyball, 8RXD), Distance : 408 ft
Pitching: LHP Roberto Barrón
Batting: RHB Jorge Hernández 0-0: Swinging Strike
0-1: Called Strike
0-2: Foul Ball, location: 2F
0-2: Foul Ball, location: 2F
0-2: Ball
1-2: Strikes out swinging
Batting: RHB Ramón Díaz 0-0: Ball
1-0: Swinging Strike
1-1: Foul Ball, location: 2F
1-2: Foul Ball, location: 2F
1-2: Strikes out looking
Top of the 8th over - 4 run(s), 4 hit(s), 1 error(s), 0 left on base; Nantucket 9 - Savannah 0
BOTTOM OF THE 8TH
Savannah Hogs batting - Pitching for Nantucket Orcas : RHP Bob Schneider
Batting: LHB Ivan Costello 0-0: Foul Ball, location: 2F
0-1: Swinging Strike
0-2: Foul Ball, location: 2F
0-2: Strikes out looking
Batting: LHB Marv Alexander 0-0: Called Strike
0-1: Foul Ball, location: 2F
0-2: Hit by Pitch
Batting: RHB Ernesto Gómez 0-0: Ball
1-0: Foul Ball, location: 2F
1-1: Foul Ball, location: 2F
1-2: Fly out, F9 (Flyball, 89M)
Batting: RHB Anastasio Movonda 0-0: Ball
1-0: Ball
2-0: Called Strike
2-1: Fielders Choice at 2nd, 6-4 (Groundball, 6)
Bottom of the 8th over - 0 run(s), 0 hit(s), 0 error(s), 0 left on base; Nantucket 9 - Savannah 0
TOP OF THE 9TH
Nantucket Orcas batting - Pitching for Savannah Hogs : LHP Roberto Barrón
Batting: SHB Cory Campbell 0-0: Called Strike
0-1: Ball
1-1: Ground out 5-3 (Groundball, 5)
Batting: SHB Héctor Padilla 0-0: Called Strike
0-1: SOLO HOME RUN (Flyball, 7LD), Distance : 354 ft
Pinch Hitting: RHB Pepe Franco 0-0: Called Strike
0-1: Foul Ball, location: 2F
0-2: Ball
1-2: Strikes out looking
Batting: RHB César Osequedo 0-0: Swinging Strike
0-1: Ball
1-1: Ball
2-1: Foul Ball, location: 2F
2-2: Ball
3-2: Base on Balls
Batting: RHB Anastasio Zartuche 0-0: Ball
1-0: Foul Ball, location: 2F
1-1: Ball
César Osequedo is caught stealing 2nd base
Top of the 9th over - 1 run(s), 1 hit(s), 0 error(s), 0 left on base; Nantucket 10 - Savannah 0
BOTTOM OF THE 9TH
Savannah Hogs batting - Pitching for Nantucket Orcas : RHP Bob Schneider
Now at 3B: Pepe Franco
Pinch Hitting: LHB Juan Delgado 0-0: Called Strike
0-1: Called Strike
0-2: Ball
1-2: Foul Ball, location: 2F
1-2: Ball
2-2: DOUBLE (Line Drive, 8LXD)
Batting: RHB Henry Dawson 0-0: Foul Ball, location: 2F
0-1: SINGLE (Flyball, 9LM)
Juan Delgado to third
Runner from 3rd tries for Home, SAFE, no throw
Batting: RHB Sergio Moreno 0-0: Ball
1-0: Ball
2-0: Ball
3-0: Called Strike
3-1: Grounds into double play, 5-4-3 (Groundball, 5)
Batting: RHB Remi Eruzione 0-0: Reached on error, E9 (Flyball, 89M)
Pinch Hitting: RHB Júlio Peña 0-0: Ball
1-0: Foul Ball, location: 2F
1-1: Ball
2-1: Ball
3-1: Ground out 3-1 (Groundball, 34)
Bottom of the 9th over - 1 run(s), 2 hit(s), 1 error(s), 1 left on base; Nantucket 10 - Savannah 1
Thursday, March 30th, 2017 - OOTP Baseball 17.12 Build 75